 Dungeon Crawl Stone Soup version 0.31-a0-185-g9dded2c639 (webtiles) character file.

Game seed: 17037395432524421981

800 qw the Skirmisher (level 7, -3/41 HPs)
             Began as a Deep Elf Hunter on June 22, 2023.
             Slain by Pikel
             ... wielding a +2 whip of electrocution
              (14 damage)
             ... on level 4 of the Dungeon.
             The game lasted 00:01:07 (3518 turns).

qw the Skirmisher (Deep Elf Hunter)                 Turns: 3518, Time: 00:01:07

Health: -3/41      AC:  8    Str: 17    XL:     7   Next: 59%
Magic:  9/9        EV: 11    Int: 17    God:
Gold:   205        SH:  0    Dex: 20    Spells: 6/6 levels left

rFire   . . .        j - +0 orcbow (heavy)
rCold   + . .        (shield currently unavailable)
rNeg    . . .        i - +1 scale mail {rC+}
rPois   +            (no helmet)
rElec   .            d - +0 cloak of the Slorg {rPois Str+3 Int+3}
rCorr   .            (no gloves)
SInv    .            (no boots)
Will    .....        (no amulet)
Stlth   +            h - +6 ring of strength
HPRegen 0.26/turn    (no ring)
MPRegen 0.11/turn

%: no passive effects
@: no status effects
A: no striking features
a: no special abilities


You were on level 4 of the Dungeon.
You visited 1 branch of the dungeon, and saw 4 of its levels.
You also visited: Sewer.

You collected 205 gold pieces.


   Skills:
 - Level 3.0 Fighting
 + Level 10.5 Ranged Weapons
 - Level 2.7 Armour
 - Level 3.0 Dodging
 - Level 1.2 Stealth


You had 6 spell levels left.
You didn't know any spells.
Your spell library was empty.

Inventory:

Hand Weapons
 j - a +0 heavy orcbow (weapon)
Armour
 d - the +0 cloak of the Slorg (worn) {rPois Str+3 Int+3}
   (You acquired it on level 2 of the Dungeon)

   Str:       It affects your strength (+3).
   Int:       It affects your intelligence (+3).
   rPois:     It protects you from poison.
 e - a +0 troll leather armour {Pargi}
 i - a +1 scale mail of cold resistance (worn)
Jewellery
 h - a +6 ring of strength (left hand)
Scrolls
 a - 2 scrolls of identify
 k - a scroll of enchant weapon {unknown}
 l - a scroll of revelation {unknown}
Potions
 b - a potion of haste {unknown}
 c - a potion of enlightenment {unknown}
 f - 2 potions of cancellation {unknown}
 g - a potion of ambrosia {unknown}

Dungeon Overview and Level Annotations

Branches:
Dungeon (4/15)              Sewer (visited)
 Temple: D:4-7

Altars:
Xom

Shops:
D:3 (

Annotations:
D:4 Pikel


Message History

Pikel shouts!
The lemure shouts!
You hear a shout!
You shoot an arrow. The arrow hits the lemure!
The lemure is moderately wounded.
A lemure comes into view.
The lemure closely misses you.
You shoot an arrow. The arrow closely misses the lemure.
The lemure hits you but does no damage. x2
You shoot an arrow. The arrow hits the lemure!!
You kill the lemure!
That felt strangely unrewarding.
The lemure barely misses you. The lemure hits you.
You shoot an arrow. The arrow closely misses the lemure.
The lemure barely misses you.
You shoot an arrow. The arrow hits the lemure.
The lemure is lightly wounded.
The lemure hits you. x2
You shoot an arrow.
The arrow hits the lemure but does no damage.
The lemure is lightly wounded.
Pikel hits you with a +2 whip of electrocution.
You shoot an arrow.
The arrow hits the lemure but does no damage.
The lemure is lightly wounded.
Pikel hits you with a +2 whip of electrocution.
The lemure hits you but does no damage. x2; Pikel barely misses you.
The lemure hits you.
You shoot an arrow. The arrow hits the lemure!!
You kill the lemure!
That felt strangely unrewarding.
The lemure barely misses you.
Pikel hits you with a +2 whip of electrocution.
The lemure hits you but does no damage.
Pikel hits you with a +2 whip of electrocution!
You shoot an arrow. The arrow hits Pikel!
Pikel is moderately wounded.
The lemure barely misses you.
Pikel hits you with a +2 whip of electrocution.
You are electrocuted!
You die...

. . #
######. #.
#=.... #.
#....# ###
#....# #..
#..K5# #.#
#..@.######
#.#
#.........#
#.#
#....####.#
#.# #....#
#.# #.#
#....# #.#
#.# #...##
#.########.#
##.##
#.'........#
.#
#.##.......#
##
#.##..<....#


You could see Pikel and a lemure.

Vanquished Creatures
  Grinder (D:3)
  Edmund (D:3)
  A water moccasin (D:4)
  Pargi (Sewer)
  3 lemures (D:4)
  A hound (D:4)
  3 orc priests
  A sleepcap (D:4)
  4 gnolls (D:4)
  5 adders
  A white imp (D:4)
  2 worms
  4 orcs
  8 endoplasms
  3 giant cockroaches
  3 hobgoblins
  4 quokkas
  5 ball pythons
  4 bats
  3 frilled lizards
  4 goblins
  8 kobolds
  5 rats
75 creatures vanquished.

Notes
Turn   | Place    | Note
-------+----------+-------------------------------------------
     0 | D:1      | qw the Deep Elf Hunter began the quest for the Orb.
     0 | D:1      | Reached XP level 1. HP: 12/12 MP: 3/3
     0 | D:1      | 0 ||| qw: Version: 0.3-a-9-g12657ce
     0 | D:1      | 0 ||| qw: Game counter: 1882
     0 | D:1      | 0 ||| qw: Always use a shield: true
     0 | D:1      | 0 ||| qw: God list: Okawaru
     0 | D:1      | 0 ||| qw: Allow faded altars: false
     0 | D:1      | 0 ||| qw: Do Orc after D:15 true
     0 | D:1      | 0 ||| qw: Do second Lair branch before Depths: true
     0 | D:1      | 0 ||| qw: Lair rune preference: random
     0 | D:1      | 0 ||| qw: Plans: Normal
     0 | D:1      | 0 ||| PLANNING D:1-11
   528 | D:1      | Reached XP level 2. HP: 16/16 MP: 4/4
   759 | D:1      | Reached skill level 6 in Ranged Weapons
   808 | D:1      | 808 ||| UPGRADING to +6 ring of strength.
   809 | D:1      | 809 ||| READING scroll labelled CON JILERCHEQU.
   809 | D:1      | Identified a scroll of acquirement
   809 | D:1      | 809 ||| ACQUIRING +0 orcbow of draining
   809 | D:1      | Acquired a +0 orcbow of draining
   811 | D:1      | 811 ||| SWAPPING to +0 orcbow of draining.
   812 | D:1      | 812 ||| DROPPING +0 shortbow.
   813 | D:1      | 813 ||| DROPPING scroll of butterflies.
   928 | D:2      | 928 ||| READING scroll of acquirement.
   928 | D:2      | 928 ||| ACQUIRING +0 cloak of the Slorg {rPois Str+3 Int+3}
   928 | D:2      | Acquired the +0 cloak of the Slorg {rPois Str+3 Int+3}
   930 | D:2      | 930 ||| UPGRADING to +0 cloak of the Slorg {rPois Str+3
                  | Int+3}.
   966 | D:2      | Reached XP level 3. HP: 20/20 MP: 5/5
  1044 | D:2      | 1044 ||| UPGRADING to +0 ring mail.
  1054 | D:2      | 1054 ||| DROPPING +0 leather armour.
  1098 | D:2      | Reached skill level 7 in Ranged Weapons
  1325 | D:2      | 1325 ||| READING 2 scrolls labelled IBBIVO HUETZ.
  1349 | D:3      | 1349 ||| PLANNING SEWER
  1350 | D:3      | 1350 ||| STAIRDANCE
  1403 | D:3      | HP: 4/20 [orc priest/divine providence (16)]
  1404 | D:3      | 1404 ||| FLEEEEING.
  1405 | D:3      | 1405 ||| FLEEEEING.
  1406 | D:3      | 1406 ||| FLEEEEING.
  1407 | D:3      | 1407 ||| FLEEEEING.
  1408 | D:3      | 1408 ||| FLEEEEING.
  1409 | D:3      | 1409 ||| FLEEEEING.
  1410 | D:3      | 1410 ||| FLEEEEING.
  1411 | D:3      | 1411 ||| FLEEEEING.
  1412 | D:3      | 1412 ||| FLEEEEING.
  1415 | D:3      | 1415 ||| FLEEEEING.
  1418 | D:3      | 1418 ||| FLEEEEING.
  1419 | D:3      | 1419 ||| FLEEEEING.
  1422 | D:3      | 1422 ||| FLEEEEING.
  1423 | D:3      | 1423 ||| STAIRDANCE
  1489 | D:3      | 1489 ||| STAIRDANCE
  1507 | D:3      | 1507 ||| STAIRDANCE
  1537 | D:3      | 1537 ||| STAIRDANCE
  1540 | D:2      | Reached XP level 4. HP: 13/25 MP: 6/6
  1638 | D:3      | Found a faded altar of an unknown god.
  1812 | D:3      | Found a glowing drain.
  1813 | D:3      | 1813 ||| DRINKING 2 grey potions.
  1825 | Sewer    | Entered a sewer
  1855 | Sewer    | Noticed Pargi
  1863 | Sewer    | HP: 6/25 [Pargi (2)]
  1864 | Sewer    | 1864 ||| DRINKING potion of heal wounds.
  1868 | Sewer    | Killed Pargi
  1869 | Sewer    | Reached skill level 9 in Ranged Weapons
  1869 | Sewer    | Reached XP level 5. HP: 27/29 MP: 7/7
  1967 | Sewer    | 1967 ||| UPGRADING to +0 troll leather armour {Pargi}.
  1977 | Sewer    | 1977 ||| DROPPING +0 ring mail.
  1991 | D:3      | 1991 ||| PLANNING D:1-11
  2245 | D:3      | Reached skill level 3 in Dodging
  2427 | D:3      | Found Neebb's Antique Weapon Shoppe.
  2431 | D:3      | 2431 ||| READING 2 scrolls labelled BIAFUA KONGE.
  2464 | D:3      | 2464 ||| READING scroll labelled FIOJIO YMAV WECA.
  2465 | D:3      | 2465 ||| DROPPING scroll of torment.
  2544 | D:4      | Noticed Edmund
  2545 | D:4      | Noticed Grinder
  2547 | D:4      | 2547 ||| STAIRDANCE
  2554 | D:3      | HP: 6/30 [Edmund/+2 flail of protection (8)]
  2555 | D:3      | Killed Edmund
  2556 | D:3      | Reached skill level 3 in Fighting
  2556 | D:3      | Reached XP level 6. HP: 8/37 MP: 8/8
  2585 | D:3      | 2585 ||| UPGRADING to +1 scale mail of cold resistance.
  2599 | D:4      | Paralysed by Grinder for 3 turns
  2602 | D:4      | 2602 ||| STAIRDANCE
  2604 | D:3      | Killed Grinder
  2605 | D:3      | Reached XP level 7. HP: 32/41 MP: 9/9
  2670 | D:4      | HP: 8/41 [water moccasin (3)]
  2671 | D:4      | 2671 ||| DRINKING potion of heal wounds.
  2694 | D:4      | 2694 ||| FLEEEEING.
  2695 | D:4      | 2695 ||| FLEEEEING.
  2924 | D:4      | Reached skill level 10 in Ranged Weapons
  3095 | D:4      | Found a shimmering altar of Xom.
  3098 | D:4      | 3098 ||| READING scroll labelled KUTROYBIRI.
  3508 | D:4      | Noticed Pikel
  3518 | D:4      | Slain by Pikel

Levels and vault maps discovered:
D:1:      erik_arrival_orb_chamber, layout_basic
D:2:      layout_rooms, st_stairs_12
D:3:      layout_loops_ring, hellmonk_ecumenical_altar_heavens_door,
          serial_shops, shop, gup_sewer_entry_pipe
D:4:      layout_basic, tgw_xom, uniq_grinder, uniq_edmund, uniq_pikel,
          uniq_crazy_yiuf_cottage

Skill      XL: |  1  2  3  4  5  6  7 |
---------------+----------------------+-----
Ranged Weapons | 6 7 9 10 | 10.5
Dodging        | 3 |  3.0
Fighting       | 3 |  3.0
Armour         | 2 |  2.7
Stealth        | |  1.2

Action                     |  1- 3 |  4- 6 |  7- 9 || total
---------------------------+-------+-------+-------++-------
   Fire: Shortbow          |    20 |       |       ||    20
         Orcbow            |    46 |    65 |    56 ||   167
    Use: Scroll            |     3 |     2 |     1 ||     6
         Potion            |       |     2 |     1 ||     3
 Armour: Ring mail         |     2 |    26 |       ||    28
         Troll leather arm |       |     1 |       ||     1
         Scale mail        |       |     1 |    14 ||    15
  Dodge: Dodged            |     7 |    28 |    28 ||    63

Table legend:
 A = Non-vault XP
 B = Vault XP
 C = Vault XP percentage of total XP
 D = Non-vault monster count
 E = Vault monster count
 F = Vault count percentage of total count
                 A         B        C        D         E       F
            +---------+---------+-------+---------+---------+-------
      Total |     564 |     579 |  50.7 |      61 |      11 |  15.3
            +---------+---------+-------+---------+---------+-------
        D:1 |      13 |       0 |   0.0 |      10 |       0 |   0.0
        D:2 |     115 |       3 |   2.5 |      22 |       2 |   8.3
        D:3 |      48 |     437 |  90.1 |      12 |       5 |  29.4
        D:4 |     388 |       0 |   0.0 |      17 |       0 |   0.0
      Sewer |       0 |     139 | 100.0 |       0 |       4 | 100.0
            +---------+---------+-------+---------+---------+-------
